 Dungeon Crawl Stone Soup version 0.27.0-1-g7a089689b8 (webtiles) character file.

Game seed: 6643014757478841595

10339 Lochraine the Zephyrmancer (level 11, -5/66 HPs)
             Began as a Tengu Air Elementalist on Aug 10, 2021.
             Was a Believer of Vehumet.
             Slain by a blink frog (16 damage)
             ... on level 9 of the Dungeon.
             The game lasted 00:32:17 (13347 turns).

Lochraine the Zephyrmancer (TeAE)                  Turns: 13347, Time: 00:32:18

Health: -5/66      AC:  5    Str: 10    XL:     11   Next: 60%
Magic:  14/33      EV: 22    Int: 18    God:    Vehumet [**....]
Gold:   1543       SH:  0    Dex: 14    Spells: 9/27 levels left

rFire    . . .     SeeInvis .   l - +3 dagger (drain)
rCold    . . .     Faith    +   (no shield)
rNeg     . . .     Spirit   .   a - +0 robe
rPois    .         Reflect  .   L - +2 hat {Stlth+}
rElec    .         Harm     .   H - +0 cloak
rCorr    .         Rampage  .   (no gloves)
Will     .....                  (boots unavailable)
Stlth    +++.......             C - amulet of faith {!P}
HPRegen  0.21/turn              o - +4 ring of evasion
MPRegen  0.23/turn              B - ring of magical power

@: flying quickly and evasively, very slightly contaminated, quick
A: beak, talons 3, nimble flight
a: Renounce Religion


You were on level 9 of the Dungeon.
You worshipped Vehumet.
Vehumet was pleased with you.
You visited 3 branches of the dungeon, and saw 11 of its levels.

You collected 1543 gold pieces.

Inventory:

Hand Weapons
 e - a +0 dagger
   (You took it off a kobold on level 1 of the Dungeon)
 j - a +0 dagger of venom
   (You found it on level 2 of the Dungeon)
 l - a +3 dagger of draining (weapon)
   (You found it on level 2 of the Dungeon)
Missiles
 K - a throwing net {!f}
Armour
 a - a +0 robe (worn)
 z - the +2 robe "Geja" {*Slow rElec Regen+ SInv}
   (You found it on level 5 of the Dungeon)

   rElec:     It insulates you from electricity.
   SInv:      It lets you see invisible.
   Regen:     It increases your rate of health regeneration.
   *Slow:     It may slow you when you take damage.
 H - a +0 cloak (worn)
   (You found it on level 7 of the Dungeon)
 L - a +2 hat of stealth (worn)
   (You took it off Gastronok on level 8 of the Dungeon)
Jewellery
 o - a +4 ring of evasion (left hand)
   (You found it on level 3 of the Dungeon)
 q - a ring of poison resistance
   (You took it off an orc on level 4 of the Dungeon)
 B - a ring of magical power (right hand)
   (You found it on level 6 of the Dungeon)
 C - an amulet of faith (around neck) {!P}
   (You found it on level 6 of the Dungeon)
 I - a ring of resist corrosion
   (You found it on level 7 of the Dungeon)
 J - a ring of fire
   (You found it on level 8 of the Dungeon)
Wands
 d - a wand of iceblast (11)
   (You found it on level 6 of the Dungeon)
 n - a wand of polymorph (8)
   (You found it on level 9 of the Dungeon)
 t - a wand of flame (22)
   (You found it on level 4 of the Dungeon)
 v - a wand of digging (3)
   (You took it off an orc wizard on level 8 of the Dungeon)
 x - a wand of acid (5)
   (You took it off an orc on level 6 of the Dungeon)
Scrolls
 c - 4 scrolls of identify {@r1}
 f - a scroll of enchant armour
 h - 2 scrolls of teleportation {@r4}
 u - a scroll of immolation {!r}
 F - a scroll of enchant weapon
 P - 2 scrolls of torment {!r}
Potions
 b - a potion of heal wounds {@q2}
 g - a potion of berserk rage {unknown}
 i - a potion of magic {unknown}
 k - a potion of cancellation {unknown}
 m - 2 potions of lignification {unknown}
 p - a potion of brilliance {unknown}
 r - a potion of haste {@q3}
 w - 2 potions of attraction {unknown}
 D - 2 potions of degeneration {!q}
 E - 2 potions of flight {unknown}
 O - 2 potions of curing {@q1}


   Skills:
 - Level 6.4 Fighting
 - Level 7.5 Dodging
 - Level 2.0 Stealth
 + Level 8.7 Spellcasting
 + Level 9.3 Conjurations
 + Level 6.3 Fire Magic
 - Level 11.4 Air Magic


You had 9 spell levels left.
You knew the following spells:

 Your Spells              Type           Power      Damage    Failure   Level
a - Shock                 Conj/Air       100%       1d9       1%          1
b - Static Discharge      Conj/Air       45%        N/A       1%          2
c - Airstrike             Air            24%        N/A       1%          4
d - Mephitic Cloud        Conj/Pois/Air  32%        N/A       1%          3
s - Swiftness             Air            48%        N/A       1%          3
x - Fireball              Conj/Fire      18%        3d9       10%         5

Your spell library contained the following spells:

 Spells                   Type           Power      Damage    Failure   Level
 Poisonous Vapours        Pois/Air       56%        N/A       1%          2
 Foxfire                  Conj/Fire      100%       2x1d9     1%          1
 Magic Dart               Conj           100%       1d8       1%          1
 Conjure Flame            Conj/Fire      36%        6-21      1%          3
 Dazzling Flash           Conj/Hex       48%        N/A       4%          3
 Inner Flame              Hex/Fire       19%        N/A       8%          3
 Apportation              Tloc           14%        N/A       9%          1
 Iskenderun's Mystic Bla  Conj/Tloc      24%        2d7       13%         4
 Call Imp                 Summ           7%         N/A       14%         2
 Starburst                Conj/Fire      18%        8x6d7     50%         6
 Ignition                 Fire           15%        3d6       100%        8


Dungeon Overview and Level Annotations

Branches:
Dungeon (9/15)             Temple (1/1) D:6            Lair (1/6) D:9
    Orc: D:9-12

Altars:
Ashenzari
Cheibriados
Dithmenos
Elyvilon
Fedhas
Gozag
Hepliaklqana
Kikubaaqudgha
Makhleb
Nemelex Xobeh
Okawaru
Qazlal
Ru
Sif Muna
Trog
Uskayaw
Vehumet
Wu Jian
Xom
Yredelemnul
Zin
The Shining One

Annotations:
D:3 1 runed translucent door, UnknownFlame's ghost, amateur MiFi


Innate Abilities, Weirdness & Mutations

You have a beak for a mouth.
You have claws for feet.
Your magical nature lets you fly swiftly and evasively.


Message History

There is a staircase to the Lair, spattered with blood here.
As you read the scroll of teleportation {@r4}, it crumbles to dust.
You feel strangely unstable. The bullfrog completely misses you.
The blink frog hits you.
* * * LOW HITPOINT WARNING * * *
The blink frog blinks!
The yak closely misses you. The bullfrog completely misses you.
You feel much better.
The blink frog blinks!
The bullfrog barely misses you. The yak misses you. x2
The yak is struck by an arc of lightning.
The lightning grounds out.
The bullfrog hits you but does no damage.
The yak gores you!
The blink frog blinks!
The yak gores you!
* * * LOW HITPOINT WARNING * * *
The bullfrog closely misses you.
The bullfrog is struck by an arc of lightning.
You are struck by an arc of lightning.
* * * LOW HITPOINT WARNING * * *
The yak is struck by an arc of lightning.
The lightning grounds out.
Your surroundings suddenly seem different.
The blink frog blinks!
Unknown command.
Aim: a blink frog The air twists around and strikes the blink frog!
The blink frog completely misses you. The blink frog closely misses you.
The blink frog blinks!
The blink frog blinks!
The blink frog blinks!
Aim: a blink frog The air twists around and strikes the blink frog!
The blink frog hits you.
* * * LOW HITPOINT WARNING * * *
The blink frog barely misses you.
The zap hits the blink frog. x2; The blink frog misses you.
The blink frog blinks!
The zap hits the blink frog!
The zap hits the blink frog.
The blink frog hits you!
* * * LOW HITPOINT WARNING * * *
The blink frog blinks!
Aim: a blink frog (almost dead)
You miscast Airstrike.
You are very lightly contaminated with residual magic.
Nothing appears to happen.
The blink frog blinks!
Aim: a blink frog (almost dead)
The air twists around and strikes the blink frog!
You kill the blink frog!
Vehumet accepts your kill. The blink frog hits you!
You die...

#...........#### #.<†..#
...............# #.....#
............#..# #.....#
...............## #.....#
........###.....# ###...#
..........#..##.# #.#.#
...(.....##.)...######.>.#
##'#.....######.F........#
#Y†#......# #.@..§###..#
#>F#......#####..........#
####.....................#
.........##...#......###.#
...P.....................#
.............###...###...#
.......#..#..#.#.#.# #.#.#
.....###.....#.#...# #...#
#.......######.##### #...#


You could see a blink frog.

Vanquished Creatures
  Gastronok (D:8)
  A catoblepas (D:8)
  2 two-headed ogres
  A deep elf pyromancer (D:8)
  A faun (shapeshifter) (D:8)
  A komodo dragon (D:8)
  Psyche (D:8)
  A troll (D:8)
  A blink frog (D:9)
  4 slime creatures
  7 yaks
  A wyvern (D:9)
  2 steam dragons
  A water moccasin (D:9)
  3 orc warriors
  An ice beast (D:8)
  A black bear (D:9)
  A necrophage (D:8)
  3 ogres
  4 centaurs (D:8)
  A phantom (D:4)
  A kobold brigand (D:7)
  7 bullfrogs
  A scorpion (D:7)
  A wyvern zombie (D:8)
  A water moccasin zombie (D:6)
  A gnoll sergeant (D:6)
  A water moccasin skeleton (D:6)
  5 killer bees
  5 wights
  3 howler monkeys
  2 centaur zombies
  2 hounds
  3 orc priests
  2 bullfrog skeletons (D:6)
  2 jellies
  Jessica (D:3)
  An iguana (D:6)
  Natasha (D:2)
  7 orc wizards
  Robin (D:2)
  12 gnolls
  7 adders
  2 ufetubi (D:4)
  An adder skeleton (D:4)
  2 worms
  22 orcs
  4 ball pythons
  5 bats
  5 endoplasms
  4 giant cockroaches
  9 goblins
  10 hobgoblins
  8 jackals
  A quokka (D:2)
  2 frilled lizards (D:1)
  7 kobolds
  4 rats
192 creatures vanquished.

Vanquished Creatures (others)
  20 fungi
  21 plants
41 creatures vanquished.

Grand Total: 233 creatures vanquished

Notes
Turn   | Place    | Note
-------+----------+-------------------------------------------
     0 | D:1      | Lochraine the Tengu Air Elementalist began the quest for
                  | the Orb.
     0 | D:1      | Reached XP level 1. HP: 10/10 MP: 4/4
   345 | D:1      | Reached XP level 2. HP: 14/15 MP: 6/6
  1138 | D:2      | Learned a level 2 spell: Static Discharge
  1218 | D:2      | Reached XP level 3. HP: 19/19 MP: 7/7
  1417 | D:2      | Found a faded altar of an unknown god.
  1429 | D:2      | Got Plato's Papyrus of the Traveller
  1607 | D:2      | Noticed Robin
  1638 | D:2      | Killed Robin
  1830 | D:2      | Reached XP level 4. HP: 24/24 MP: 4/9
  1968 | D:2      | Reached skill level 5 in Air Magic
  2343 | D:2      | Noticed Natasha
  2346 | D:2      | Killed Natasha
  2676 | D:3      | Gained mutation: Your magical nature lets you fly swiftly
                  | and evasively. [Tengu growth]
  2676 | D:3      | Reached XP level 5. HP: 14/28 MP: 7/10
  3035 | D:3      | Found a runed translucent door.
  3035 | D:3      | Noticed UnknownFlame's ghost (amateur MiFi)
  3060 | D:3      | Noticed Jessica
  3071 | D:3      | Killed Jessica
  3530 | D:4      | Reached XP level 6. HP: 21/32 MP: 1/12
  3763 | D:4      | Reached skill level 6 in Air Magic
  3861 | D:4      | Learned a level 3 spell: Swiftness
  4091 | D:4      | Reached skill level 5 in Conjurations
  4865 | D:5      | Entered Level 5 of the Dungeon
  4871 | D:5      | Reached XP level 7. HP: 33/36 MP: 5/14
  5018 | D:5      | Reached skill level 7 in Air Magic
  5574 | D:5      | Identified the +2 robe "Geja" {*Slow rElec Regen+ SInv}
  5613 | D:5      | Reached XP level 8. HP: 41/41 MP: 11/16
  5663 | D:5      | Learned a level 4 spell: Airstrike
  5766 | D:6      | Learned a level 3 spell: Mephitic Cloud
  5876 | D:6      | Reached skill level 1 in Fighting
  6042 | D:6      | Reached skill level 8 in Air Magic
  6681 | D:6      | Found a staircase to the Ecumenical Temple.
  6984 | D:7      | Noticed a slime creature
  6984 | D:7      | Noticed a slime creature
  6984 | D:7      | Noticed a slime creature
  7013 | D:6      | Killed a slime creature
  7014 | D:6      | Reached skill level 9 in Air Magic
  7276 | D:7      | Noticed a slime creature
  7280 | D:7      | Killed a slime creature
  7281 | D:7      | Reached XP level 9. HP: 44/52 MP: 3/17
  7374 | D:7      | Reached skill level 5 in Dodging
  7424 | Temple   | Entered the Ecumenical Temple
  8243 | Temple   | Became a worshipper of Vehumet
  8282 | D:6      | Reached skill level 5 in Spellcasting
  8326 | D:7      | HP: 1/52 [slime creature (19)]
  8727 | D:7      | Reached skill level 10 in Air Magic
  9203 | D:8      | Noticed Psyche
  9243 | D:8      | Noticed Gastronok
  9252 | D:8      | Noticed a two-headed ogre
  9255 | D:8      | Killed Gastronok
  9256 | D:8      | Reached skill level 5 in Fighting
  9256 | D:8      | Reached skill level 11 in Air Magic
  9256 | D:8      | Reached XP level 10. HP: 42/60 MP: 1/20
  9736 | D:8      | Found an iron altar of Okawaru.
  9822 | D:8      | Reached * piety under Vehumet
  9822 | D:8      | Offered knowledge of Freeze by Vehumet.
  9943 | D:8      | Killed Psyche
 10188 | D:8      | Learned a level 5 spell: Fireball
 10276 | D:8      | Reached skill level 1 in Fire Magic
 10595 | D:8      | Killed a two-headed ogre
 10725 | D:8      | Noticed a catoblepas
 10771 | D:8      | Killed a catoblepas
 10772 | D:8      | Reached XP level 11. HP: 41/66 MP: 4/23
 10878 | D:8      | Noticed a deep elf pyromancer
 10883 | D:8      | Killed a deep elf pyromancer
 10957 | D:8      | Noticed a faun
 10963 | D:8      | Killed a faun
 11306 | D:9      | Reached skill level 5 in Fire Magic
 11621 | D:9      | Reached ** piety under Vehumet
 11621 | D:9      | Offered knowledge of Searing Ray by Vehumet.
 12402 | D:9      | Identified a scroll of acquirement
 12402 | D:9      | Acquired 966 gold pieces
 12423 | D:9      | Noticed a two-headed ogre
 12429 | D:9      | Killed a two-headed ogre
 12649 | D:9      | Found a staircase to the Lair.
 13257 | Lair:1   | Entered Level 1 of the Lair of Beasts
 13301 | D:9      | Offered knowledge of Poisonous Vapours by Vehumet.
 13347 | D:9      | Slain by a blink frog

Illustrated notes

Levels and vault maps discovered:
D:1:      dpeg_arrival_shelter, layout_basic
D:2:      layout_basic, shapermc_ecumenical_altar_rom_forum, uniq_robin,
          uniq_natasha
D:3:      layout_loops_ring, hellmonk_ghost_happy_afterlife,
          small_statue_alley_b, uniq_jessica
D:4:      layout_gridville, grunt_ministairs_7
D:5:      layout_rooms
D:6:      cheibrodos_iron_armory, layout_loops_ring,
          minmay_temple_entry_butterflies
D:7:      layout_basic
D:8:      nzn_winding_woodlands_three_and_one
          [nzn_winding_woodlands_5x15_lazy_stream,
          nzn_winding_woodlands_5x15_parted, nzn_winding_woodlands_5x15_pool,
          nzn_winding_woodlands_center_triple_pond], layout_cave_pools,
          mainiacjoe_overflow_brackets, nrook_loot_triangle, uniq_psyche,
          uniq_gastronok
D:9:      layout_stronghold, grunt_lair_entry_orc_guard_hut
Temple:   nicolae_temple_the_god_donut
Lair:1:   gammafunk_worm_tunnel, layout_chaotic_city, minmay_lair_oklob_chamber

Skill      XL: |  1  2  3  4  5  6  7  8  9 10 11 |
---------------+----------------------------------+-----
Conjurations   | 2 3 4 5 6 7 9 |  9.3
Air Magic      | 5 6 7 9 11 | 11.4
Spellcasting   | 3 4 6 7 8 |  8.7
Fighting       | 3 5 6 |  6.4
Dodging        | 4 7 |  7.5
Fire Magic     | 4 6 |  6.3
Stealth        | |  2.0

Action                   |  1- 3 |  4- 6 |  7- 9 | 10-12 || total
-------------------------+-------+-------+-------+-------++-------
Melee: Dagger            |    48 |    48 |     9 |    23 ||   128
       Peck              |     7 |     4 |       |     6 ||    17
       Kick              |    10 |    11 |     2 |    12 ||    35
 Cast: Shock             |    36 |    65 |   124 |    85 ||   310
       Static Discharge  |     2 |    15 |    25 |    27 ||    69
       Airstrike         |       |       |    32 |    81 ||   113
       Mephitic Cloud    |       |       |     1 |     1 ||     2
Evoke: Wand              |       |       |     3 |     5 ||     8
  Use: Scroll            |       |     3 |       |    14 ||    17
       Potion            |       |       |     1 |     2 ||     3
 Stab: Sleeping          |     1 |     7 |     1 |     2 ||    11
Armor: Robe              |    12 |     1 |     2 |    10 ||    25
Dodge: Dodged            |    39 |    47 |    33 |   109 ||   228
